 Dungeon Crawl Stone Soup version 0.19-a0-1920-g83281cb (webtiles) character file.

7692 sveltemanboy the Cleaver (level 11, -5/82 HPs)
             Began as a Demonspawn Abyssal Knight on Oct 23, 2016.
             Was a High Priest of Lugonu.
             Slain by a komodo dragon (10 damage)
             ... on level 11 of the Dungeon.
             The game lasted 00:26:56 (11406 turns).

sveltemanboy the Cleaver (DsAK)                    Turns: 11406, Time: 00:26:57

Health: -5/82      AC: 14    Str: 17    XL:     11   Next: 0%
Magic:  6/6        EV: 13    Int: 14    God:    Lugonu [*****.]
Gold:   739        SH:  3    Dex: 15    Spells: 0 memorised, 10 levels left

rFire  + . .     SeeInvis .     k - +2 great mace of Reinforcement {antimagic, rC+ Dex+2}
rCold  + + .     Gourm    .     o - +1 ring mail "Zithosoi" {rPois}
rNeg   . . .     Faith    .     (shield currently unavailable)
rPois  +         Spirit   .     p - +0 helmet
rElec  .         Reflect  +     z - +1 cloak {+Inv}
rCorr  .         Harm     .     v - +2 pair of gloves
MR     +....                    (boots unavailable)
Stlth  +.........               w - amulet "Ablaen" {Reflect rF+ MR+ Str+2 SH+3}
                                q - ring of protection from cold
                                d - +4 ring of protection

@: no status effects
A: talons 3, repulsion field 1, deformed body, foul stench 1, robust 1, rot
immunity
a: Depart the Abyss, Bend Space, Banish, Corrupt, Enter the Abyss, Renounce
Religion, Evoke Invisibility


You were on level 11 of the Dungeon.
You worshipped Lugonu.
Lugonu was extremely pleased with you.
You were hungry.

You visited 1 branch of the dungeon, and saw 11 of its levels.
You visited the Abyss 1 time.
You also visited: Ossuary.

You collected 739 gold pieces.

Inventory:

Hand Weapons
 k - the +2 great mace of Reinforcement (weapon) {antimagic, rC+ Dex+2}
   (You took it off an orc on level 8 of the Dungeon)

   It reduces the magical energy of the wielder, and disrupts the spells and
   magical abilities of those hit.
   Natural abilities and divine invocations are not affected.
   It affects your dexterity (+2).
   It protects you from cold.
Armour
 o - the +1 ring mail "Zithosoi" (worn) {rPois}
   (You found it on level 6 of the Dungeon)

   It protects you from poison.
 p - a +0 helmet (worn)
 v - a +2 pair of gloves (worn)
 z - a +1 cloak of invisibility (worn)
Jewellery
 d - a +4 ring of protection (left hand)
 q - a ring of protection from cold (right hand)
 r - an uncursed ring of see invisible
 w - the amulet "Ablaen" (around neck) {Reflect rF+ MR+ Str+2 SH+3}
   (You found it on level 4 of the Dungeon)

   [amulet of reflection]

   It shields you and reflects attacks.
   It affects your strength (+2).
   It protects you from fire.
   It affects your resistance to hostile enchantments.
   It affects your SH (+3).
Wands
 a - a wand of disintegration (9/24)
 t - a wand of confusion (4/48)
 x - a wand of polymorph (5/24)
 D - a wand of confusion (10/48)
Scrolls
 b - 2 scrolls of recharging
 f - a scroll of teleportation
 g - 5 scrolls of remove curse
 h - 3 scrolls of identify
 n - 4 scrolls of amnesia
 u - 2 scrolls of enchant armour
 y - 3 scrolls of magic mapping
 I - a scroll of random uselessness {unknown}
Potions
 e - 5 potions of flight
 i - a potion of cure mutation
 l - 5 potions of heal wounds
 m - 4 potions of curing
 s - 3 potions of resistance
 E - 2 potions of agility
 G - 3 potions of might
 H - a potion of brilliance {unknown}
Comestibles
 c - 5 bread rations
 j - 4 slices of pizza
 A - a royal jelly
 B - 2 meat rations
 C - 3 beef jerkies
 F - 6 fruits
 J - 9 chunks of flesh


   Skills:
 + Level 3.4 Fighting
   Level 10.0(10.9) Axes
 * Level 7.1(9.6) Maces & Flails
 - Level 2.0 Armour
 - Level 1.0 Dodging
 - Level 10.0 Invocations
 - Level 7.1 Evocations


You had 10 spell levels left.
You didn't know any spells.

Dungeon Overview and Level Annotations

Branches:
Dungeon (11/15)            Temple (0/1) D:7            Lair (0/6) D:11
    Orc: D:9-12

Altars:
Elyvilon
Hepliaklqana
Kikubaaqudgha
Nemelex Xobeh
Okawaru
Sif Muna
Trog
Uskayaw
Xom


Innate Abilities, Weirdness & Mutations

You have claws for feet.
You are surrounded by a mild repulsion field. (EV +2)
You may emit foul miasma when damaged in melee.
You are immune to rotting.
Armour fits poorly on your strangely shaped body.
You are robust. (+10% HP)


Message History

The komodo dragon is heavily wounded.
The komodo dragon bites you but does no damage.
You block the komodo dragon's attack.
You hit the komodo dragon but do no damage.
You claw the komodo dragon, but do no damage.
The komodo dragon is heavily wounded.
The komodo dragon misses you.
You hit the komodo dragon but do no damage.
You claw the komodo dragon, but do no damage.
The komodo dragon is heavily wounded.
The komodo dragon bites you!
* * * LOW HITPOINT WARNING * * *
You thump the komodo dragon! Your kick misses the komodo dragon.
The komodo dragon is almost dead.
The komodo dragon bites you!
* * * LOW HITPOINT WARNING * * *
You hit the komodo dragon. Your kick misses the komodo dragon.
The komodo dragon is almost dead.
The komodo dragon bites you!
You die... ########### ##PPPPPPPPP## ## #PP..PPPPPPP##

#) #PP.>...PP...### #.
#PPP..lPP......# #)
#PPPPPP@P......# #.
#P.PPP......#..########.
##.P...P...##...........
###.....####...........
###.......>..........
##.................
#.................
...########....... ...#
#.......


You could see a komodo dragon.

Vanquished Creatures
  Erica (D:8)
  The ghost of Raykoid666 the Reanimator, a novice DsSk of Yredelemnul (D:7)
  A hill giant (D:10)
  3 hippogriffs
  A wyvern (D:8)
  4 yaks (D:9)
  Eustachio (D:5)
  2 hungry ghosts
  2 vampire mosquitoes (D:9)
  A black bear (D:7)
  An ice beast (D:9)
  A necrophage (D:6)
  An orc warrior (D:7)
  3 phantoms
  5 ogres
  2 crocodiles
  6 centaurs
  10 bullfrogs
  A big kobold (D:5)
  3 water moccasin zombies (Ossuary)
  3 scorpions
  A howler monkey (D:8)
  A bullfrog zombie (D:7)
  2 crimson imps
  A wyvern simulacrum (D:9)
  2 orc priests
  2 centaur skeletons
  2 bullfrog skeletons
  4 hounds
  2 iguanas
  9 orc wizards
  8 worker ants
  4 big kobold zombies (Ossuary)
  A hound skeleton (D:4)
  2 mummies (Ossuary)
  A worker ant zombie (D:9)
  Robin (D:2)
  2 howler monkey skeletons
  14 gnolls
  14 adders
  A white imp (D:9)
  An ooze (D:2)
  9 adder zombies
  2 adder skeletons
  3 worms
  2 dart slugs
  4 leopard geckos
  34 orcs
  2 giant cockroaches
  18 goblins
  10 hobgoblins
  10 jackals
  6 quokkas
  3 ball pythons
  11 bats
  6 frilled lizards
  4 gnoll zombies (Ossuary)
  4 hobgoblin zombies (Ossuary)
  A jackal skeleton (D:4)
  14 kobolds
  4 kobold zombies (Ossuary)
  2 leopard gecko skeletons (D:5)
  3 orc zombies (Ossuary)
  A quokka skeleton (D:6)
  9 rats
290 creatures vanquished.

Vanquished Creatures (others)
  2 plants (D:11)
2 creatures vanquished.

Grand Total: 292 creatures vanquished

Notes
Turn   | Place    | Note
-------+----------+-------------------------------------------
     0 | Abyss:1  | sveltemanboy the Demonspawn Abyssal Knight began the quest for the Orb.
     0 | Abyss:1  | Reached XP level 1. HP: 18/18 MP: 2/2
    13 | D:1      | Escaped the Abyss
    24 | D:1      | Reached skill level 1 in Dodging
    97 | D:1      | Gained mutation: You are immune to rotting. [demonic ancestry]
    97 | D:1      | Reached XP level 2. HP: 24/24 MP: 3/3
   149 | D:1      | Reached ** piety under Lugonu
   588 | D:1      | Reached XP level 3. HP: 27/29 MP: 5/5
   873 | D:2      | Noticed Robin
   920 | D:2      | Killed Robin
  1322 | D:2      | Gained mutation: You are surrounded by a mild repulsion field. (EV +2) [demonic ancestry]
  1322 | D:2      | Reached XP level 4. HP: 35/35 MP: 6/6
  2619 | D:3      | Reached *** piety under Lugonu
  2632 | D:3      | Reached XP level 5. HP: 37/41 MP: 8/8
  2674 | D:3      | Reached skill level 1 in Evocations
  3567 | D:4      | Got a clouded ruby amulet
  3568 | D:4      | Identified the amulet "Ablaen" {Reflect rF+ MR+ Str+2 SH+3} (You found it on level 4 of the Dungeon)
  3760 | D:4      | Reached XP level 6. HP: 40/47 MP: 9/9
  3794 | D:4      | Reached skill level 5 in Invocations
  4386 | D:5      | Entered Level 5 of the Dungeon
  4412 | D:5      | Found an iron altar of Okawaru.
  4487 | D:5      | Reached skill level 5 in Axes
  4490 | D:5      | Gained mutation: You have sharp toenails. [demonic ancestry]
  4490 | D:5      | Reached XP level 7. HP: 29/52 MP: 11/11
  4703 | D:5      | Reached **** piety under Lugonu
  4839 | D:5      | Noticed Eustachio
  4877 | D:5      | Killed Eustachio
  5622 | D:6      | Gained mutation: You may emit foul miasma when damaged in melee. [demonic ancestry]
  5622 | D:6      | Reached XP level 8. HP: 40/58 MP: 12/12
  5775 | D:6      | Found a sand-covered staircase.
  5780 | D:6      | Got a fine ring mail
  5814 | D:6      | Identified the cursed +1 ring mail "Zithosoi" {rPois} (You found it on level 6 of the Dungeon)
  5817 | Ossuary  | Entered an ossuary
  6350 | D:6      | Found an ancient bone altar of Kikubaaqudgha.
  6378 | D:6      | Reached ***** piety under Lugonu
  6378 | D:6      | Reached skill level 5 in Evocations
  6420 | D:6      | Found a white marble altar of Elyvilon.
  6527 | D:6      | Found a hazy altar of Hepliaklqana.
  6702 | D:7      | Found a bloodstained altar of Trog.
  6731 | D:7      | Gained mutation: You have razor-sharp toenails. [demonic ancestry]
  6731 | D:7      | Reached XP level 9. HP: 54/63 MP: 14/14
  6917 | D:7      | Noticed Raykoid666's ghost (novice DsSk)
  6929 | D:7      | Killed Raykoid666's ghost
  7020 | D:7      | Found a hide-covered altar of Uskayaw.
  7020 | D:7      | Found a shimmering altar of Xom.
  7035 | D:7      | HP: 2/63 [ogre/giant club (10)]
  7302 | D:7      | Found a staircase to the Ecumenical Temple.
  7614 | D:7      | Gained mutation: You have claws for feet. [potion of mutation]
  7614 | D:7      | Gained mutation: You are robust. (+10% HP) [potion of mutation]
  7614 | D:7      | Gained mutation: Armour fits poorly on your strangely shaped body. [potion of mutation]
  8084 | D:8      | Reached XP level 10. HP: 77/77 MP: 17/17
  8234 | D:8      | Noticed Erica
  8254 | D:8      | Killed Erica
  8254 | D:8      | Reached skill level 10 in Axes
  8454 | D:8      | Got a translucent great mace {antimagic}
  8472 | D:8      | Identified the cursed +2 great mace of Reinforcement {antimagic, rC+ Dex+2} (You took it off an orc on level 8 of the Dungeon)
  8851 | D:9      | Found a faded altar of an unknown god.
  8851 | D:9      | Found a faded altar of an unknown god.
  8858 | D:9      | Reached skill level 1 in Maces & Flails
  8858 | D:9      | Reached skill level 10 in Invocations
  8955 | D:9      | Found a faded altar of an unknown god.
  8957 | D:9      | Found a sparkling altar of Nemelex Xobeh.
  8958 | D:9      | Found a faded altar of an unknown god.
 10023 | D:9      | Reached skill level 5 in Maces & Flails
 10233 | D:9      | Found a deep blue altar of Sif Muna.
 10280 | D:10     | Entered Level 10 of the Dungeon
 10769 | D:10     | Noticed a hill giant
 10773 | D:10     | Killed a hill giant
 11357 | D:11     | Mutation became permanent: You have claws for feet. [demonic ancestry]
 11357 | D:11     | Reached XP level 11. HP: 76/82 MP: 6/18
 11387 | D:11     | Found a staircase to the Lair.
 11405 | D:11     | HP: 4/82 [komodo dragon (14)]
 11406 | D:11     | Slain by a komodo dragon

Vault maps used:
D:1:      mrwooster_arrival_statue_2, minmay_hexomino_p4
D:2:      minivault_14, minmay_misc_feat_nine_boxes, uniq_robin
D:4:      first_bread
D:5:      okawaru_metal_pillars_1_2, uniq_eustachio
D:6:      elyvilon_altar_5, lemuel_coloured_pillars_altar,
          nicolae_overflow_hidden_temple, nicolae_ossuary_entry_ruins
D:7:      cheibrodos_iron_armory, bloody_trog, gammafunk_temple_overflow_wave,
          enter_bailey_2
D:8:      uniq_erica
D:9:      chequers_temple_overflow_minitemple, basic_altar, serial_ice,
          serial_ice_g, serial_ice_a, serial_ice_e, serial_ice_o
D:10:     kennysheep_generic_room_13
D:11:     david_lair_shrubbed, kennysheep_orc_monster_closet_entryway
Ossuary:  ossuary_tomb_2

Skill      XL: |  1  2  3  4  5  6  7  8  9 10 |
---------------+-------------------------------+-----
Dodging        | 1 |  1.0
Axes           | 2 3 4 5 6 8 9 10 | 10.0
Armour         | 2 |  2.0
Invocations    | 3 4 5 6 7 9 10 | 10.0
Evocations     | 2 4 5 6 7 |  7.1
Maces & Flails | 7 |  7.1
Fighting       | |  3.4

Action                   |  1- 3 |  4- 6 |  7- 9 | 10-12 || total
-------------------------+-------+-------+-------+-------++-------
Melee: Hand axe          |   139 |   361 |   476 |       ||   976
       Kick              |       |       |   199 |    80 ||   279
       War axe           |       |       |   219 |    33 ||   252
       Great mace        |       |       |       |   199 ||   199
Evoke: Wand              |       |     3 |    11 |     7 ||    21
  Use: Potion            |       |     7 |     8 |     1 ||    16
       Scroll            |       |     8 |     6 |     2 ||    16
 Stab: Confused          |       |       |     4 |       ||     4
       Invisible         |       |       |     7 |       ||     7
  Eat: Chunk             |     2 |    10 |    10 |    12 ||    34
       Bread ration      |       |       |     1 |       ||     1
Armor: Leather armour    |     7 |       |       |       ||     7
       Ring mail         |    58 |   151 |   269 |   120 ||   598
Dodge: Dodged            |    79 |   245 |   376 |   174 ||   874
Block: Other             |       |    21 |    86 |    27 ||   134
       Reflection        |       |       |       |     2 ||     2
